 Dungeon Crawl Stone Soup version 0.31.0-1-g2c135a008e (webtiles) character file.

Game seed: 2159646170275704517

37 qw the Shooter (level 3, -2/29 HPs)
             Began as a Djinni Hunter on Jan 23, 2024.
             Slain by a kobold
             ... wielding a +0 short sword
              (4 damage)
             ... on level 2 of the Dungeon.
             The game lasted 00:00:02 (674 turns).

qw the Shooter (Djinni Hunter)                       Turns: 674, Time: 00:00:03

Health: -2/29      AC:  4    Str: 10    XL:     3   Next: 62%
Gold:   45         EV: 12    Int: 10    God:
                   SH:  0    Dex: 18

rFire   + + .        a - +0 shortbow
rCold   x . .        (shield currently unavailable)
rNeg    . . .        c - +0 leather armour
rPois   inf          (no helmet)
rElec   .            g - +0 cloak
rCorr   .            (no gloves)
SInv    .            (boots unavailable)
Will    .....        (no amulet)
Stlth   ++           (no ring)
HPRegen 0.24/turn    (no ring)
MPRegen 0.00/turn

%: infuse magic (-3 HP)
@: flying
A: sickness immunity, fire resistance 2, cold vulnerability 1, float, innate
caster, HP casting, extra vitality 1
a: no special abilities


You were on level 2 of the Dungeon.
You visited 1 branch of the dungeon, and saw 2 of its levels.

You collected 45 gold pieces.


Innate Abilities, Weirdness & Mutations

You are immune to sickness and miasma.
You are immune to poison.
Your flesh is very heat resistant. (rF++)
You are vulnerable to cold. (rC-)
You float through the air rather than walking.
You learn spells naturally, not from books.
Your magical power is your life essence.
You have superior vitality. (+4 MHP)


   Skills:
 + Level 2.6 Fighting
 - Level 4.0 Ranged Weapons
 - Level 2.1 Dodging
 - Level 0.7 Stealth


You knew the following spells:

 Your Spells              Type           Power      Damage    Failure   Level
a - Freeze                Ice            0%         1d3       45%         1
Your spell library was empty.

Inventory:

Hand Weapons
 a - a +0 shortbow (weapon)
Armour
 c - a +0 leather armour (worn)
 g - a +0 cloak (worn)
Potions
 e - a potion of lignification {unknown}
 f - a potion of berserk rage {unknown}
 i - a potion of enlightenment {unknown}

Dungeon Overview and Level Annotations

Branches:
Dungeon (2/15)

Altars:

Shops:
D:1 =   D:2 *


Message History

The arrow barely misses the goblin.
The arrow hits the goblin.
You kill the goblin!
Robin hits you with a +2 whip of electrocution.
You are electrocuted!
Ouch! That really hurt!
A kobold comes into view. It is wielding a +0 short sword.
Robin barely misses you.
You shoot an arrow. The kobold shouts!
The arrow hits Robin.
Robin is severely wounded.
A goblin comes into view. It is wielding a +0 club.
Robin closely misses you.
You shoot an arrow. The arrow hits Robin!
You kill Robin!
A quokka comes into view.
You shoot an arrow. The arrow hits the goblin.
The goblin is moderately wounded.
The goblin no longer looks unusually strong.
The goblin closely misses you.
You shoot an arrow. The arrow hits the goblin!
You kill the goblin!
The goblin no longer looks unusually strong. x2
You shoot an arrow. The arrow hits the goblin!
You kill the goblin!
The goblin no longer looks unusually strong. x2
The kobold misses you. The goblin barely misses you.
You shoot an arrow. The arrow hits the goblin.
You kill the goblin!
The kobold completely misses you.
You shoot an arrow. The arrow hits the goblin.
The goblin is severely wounded.
The kobold hits you with a +0 short sword.
The goblin hits you with a +0 dagger.
You shoot an arrow. The arrow misses the goblin.
The arrow barely misses the goblin.
The arrow closely misses the quokka.
The kobold hits you but does no damage. The goblin hits you but does no damage.
The goblin barely misses you.
The kobold hits you with a +0 short sword.
You die...

## .## . ..###..
.......
##########....... #
..............(..
....#####rK.<..#..#
PP....K@gg).........
P\P.#####.g......##.
. #.....?......
#.g......#...
#............
.........## #
...###..... ...
...##


You could see a quokka, a hobgoblin, 2 goblins and 2 kobolds.

Vanquished Creatures
  Robin (D:2)
  2 endoplasms (D:1)
  8 goblins
  A hobgoblin (D:1)
  A quokka (D:1)
  3 ball pythons (D:1)
  5 bats (D:1)
  2 frilled lizards (D:1)
  A kobold (D:1)
  2 rats (D:1)
26 creatures vanquished.

Notes
Turn   | Place    | Note
-------+----------+-------------------------------------------
     0 | D:1      | qw the Djinni Hunter began the quest for the Orb.
     0 | D:1      | Reached XP level 1. HP: 18/18 MP: 0/0
     0 | D:1      | 0 ||| qw: Version: 0.3-a-136-gdd3b4e8
     0 | D:1      | 0 ||| qw: Game counter: 1013
     0 | D:1      | 0 ||| qw: Melee chars always use a shield: true
     0 | D:1      | 0 ||| qw: God list: Okawaru
     0 | D:1      | 0 ||| qw: Allow faded altars: false
     0 | D:1      | 0 ||| qw: Do Orc after clearing Dungeon:15 true
     0 | D:1      | 0 ||| qw: Do second Lair branch before Depths: true
     0 | D:1      | 0 ||| qw: Lair rune preference: random
     0 | D:1      | 0 ||| qw: Goals: Normal
     0 | D:1      | 0 ||| PLANNING D:1-11
    88 | D:1      | Reached XP level 2. HP: 23/23 MP: 0/0
   135 | D:1      | Found Rerghoo's Jewellery Shoppe.
   146 | D:1      | 146 ||| SHOPLISTING +4 ring of protection (432 gold, have
                  | 13).
   146 | D:1      | 146 ||| SHOPLISTING +6 ring of dexterity (432 gold, have
                  | 13).
   146 | D:1      | 146 ||| SHOPLISTING amulet of Elemental Vulnerability
                  | {rPois rF-- rC-- AC+8} (459 gold, have 13).
   146 | D:1      | 146 ||| SHOPLISTING ring of protection from fire (300 gold,
                  | have 13).
   146 | D:1      | 146 ||| SHOPLISTING ring of resist corrosion (240 gold,
                  | have 13).
   628 | D:1      | 628 ||| UPGRADING to +0 cloak.
   633 | D:1      | 633 ||| READING scroll labelled TASITYPLIKK.
   634 | D:1      | 634 ||| READING scroll labelled IGUYCV TUTE.
   635 | D:1      | 635 ||| READING scroll labelled TUDUFE JIOPEIGI.
   636 | D:1      | 636 ||| DROPPING scroll of butterflies.
   653 | D:2      | 653 ||| RETREEEEATING.
   654 | D:2      | 654 ||| RETREEEEATING.
   654 | D:2      | Noticed Robin
   655 | D:2      | 655 ||| RETREEEEATING.
   656 | D:2      | 656 ||| RETREEEEATING.
   656 | D:2      | Found Zubbos's Assorted Antiques.
   657 | D:2      | 657 ||| RETREEEEATING.
   660 | D:2      | Reached XP level 3. HP: 28/28 MP: 0/0
   660 | D:2      | Learned a level 1 spell: Freeze
   661 | D:2      | Reached skill level 4 in Ranged Weapons
   666 | D:2      | HP: 4/28 [Robin/+2 whip of electrocution (17)]
   668 | D:2      | Killed Robin
   673 | D:2      | HP: 3/29 [kobold/+0 short sword (3)]
   674 | D:2      | Slain by a kobold

Levels and vault maps discovered:
D:1:      tarquinn_simple_flora_water_b, layout_basic, serial_shops, shop,
          chequers_serial_rivers_room_b, minmay_tiny_reverse_x
D:2:      layout_rooms, serial_shops, nicolae_shop_overgrown_old_shop,
          minmay_tetromino_i2, uniq_sigmund, uniq_robin, uniq_terence

Skill      XL: |  1  2  3 |
---------------+----------+-----
Ranged Weapons | 4 |  4.0
Fighting       | |  2.6
Dodging        | |  2.1
Stealth        | |  0.7

Action                     || total
---------------------------++-------
   Fire: Shortbow          ||    74
    Use: Scroll            ||     3
 Armour: Leather armour    ||    32
  Dodge: Dodged            ||    31

Table legend:
 A = Non-vault XP
 B = Vault XP
 C = Vault XP percentage of total XP
 D = Non-vault monster count
 E = Vault monster count
 F = Vault count percentage of total count
                 A         B        C        D         E       F
            +---------+---------+-------+---------+---------+-------
      Total |      24 |      30 |  55.6 |      16 |      10 |  38.5
            +---------+---------+-------+---------+---------+-------
        D:1 |      24 |       3 |  11.1 |      16 |       2 |  11.1
        D:2 |       0 |      27 | 100.0 |       0 |       8 | 100.0
            +---------+---------+-------+---------+---------+-------
